[ AOE2 MATCH · #459943401 ]
1v1 RMKhitans vs Khitans
Player's team · WIN
Rival team · LOSS
[ REPLAY ANALYSIS · EXTRACTED FROM THE RECORDED GAME ]
Feudal
9:19
Castle
—
Imperial
—
| APM avg | 50.0 |
| APM peak | 108 |
| eAPM avg | 22.9 |
| Villagers / military | 47 / 8 |
Focus
⚔️ 36.9% · 🌾 63.1%
Scout Cavalry ×7 · Spearman ×1
Feudal
9:19
Castle
—
Imperial
—
| APM avg | 66.8 |
| APM peak | 104 |
| eAPM avg | 19.9 |
| Villagers / military | 41 / 11 |
Focus
⚔️ 27.8% · 🌾 72.2%
Spearman ×6 · Scout Cavalry ×4 · Militia ×1
Match map
Initial resources + every placement click. Lines = walls · curves = elevation contours. ◆ gold · ⬟ stone · ● berries · ✦ relic · ◌ wall gap
Your base· Open — 12t gap
greatsurferTW's base· Open — 9t gap
Smoothed initial terrain · ◌ = detected wall gap · hover for details
Inputs per minute
— mir - - greatsurferTW
Build order — mir
83 actions detected in the replay
| 0:00 | Create | Villager (Male) ×4 |
| 0:00 | Create | Villager (Male) ×4 |
| 0:02 | Build | House |
| 0:03 | Build | House |
| 1:20 | Create | Villager (Male) |
| 1:20 | Create | Villager (Male) |
| 1:38 | Create | Villager (Male) |
| 1:55 | Build | Lumber Camp |
| 2:23 | Create | Villager (Male) |
| 2:24 | Create | Villager (Male) |
| 2:47 | Create | Villager (Male) |
| 2:48 | Create | Villager (Male) |
| 3:01 | Create | Villager (Male) |
| 3:01 | Create | Villager (Male) |
| 3:20 | Build | House |
| 3:24 | Research | Loom |
| 3:33 | Create | Villager (Male) |
| 3:33 | Create | Villager (Male) |
| 3:51 | Create | Villager (Male) |
| 4:18 | Create | Villager (Male) |
| 4:18 | Create | Villager (Male) |
| 4:55 | Create | Villager (Male) |
| 5:12 | Build | Mill |
| 5:25 | Create | Villager (Male) |
| 5:27 | Create | Villager (Male) |
| 5:36 | Research | Loom |
| 5:50 | Create | Villager (Male) |
| 5:51 | Research | Loom |
| 7:00 | Research | Feudal Age |
| 7:44 | Build | House |
| 8:11 | Build | Barracks |
| 8:14 | Build | Palisade Wall |
| 8:48 | Create | Villager (Male) |
| 9:19 | Age | Feudal Age |
| 9:24 | Build | Stable |
| 9:32 | Create | Villager (Male) |
| 9:44 | Create | Spearman |
| 9:51 | Build | Palisade Wall |
| 10:02 | Build | Palisade Wall |
| 10:13 | Create | Villager (Male) |
| 10:16 | Research | Tech 1014 |
| 10:22 | Create | Scout Cavalry |
| 10:28 | Create | Villager (Male) |
| 10:37 | Build | Palisade Wall |
| 10:38 | Create | Scout Cavalry |
| 10:49 | Build | House |
| 10:56 | Build | Pasture |
| 11:01 | Create | Scout Cavalry |
| 11:10 | Build | House |
| 11:28 | Build | Pasture |
| 11:30 | Create | Villager (Male) |
| 11:51 | Build | Palisade Wall |
| 12:00 | Create | Villager (Male) |
| 12:08 | Research | Double-Bit Axe |
| 12:17 | Create | Villager (Male) |
| 12:24 | Build | Pasture |
| 12:31 | Build | House |
| 12:36 | Create | Villager (Male) |
| 12:53 | Create | Scout Cavalry |
| 13:04 | Build | Palisade Wall |
| 13:19 | Build | Pasture |
| 13:22 | Create | Villager (Male) |
| 13:30 | Create | Villager (Male) |
| 13:36 | Build | House |
| 13:40 | Create | Scout Cavalry |
| 13:46 | Create | Villager (Male) |
| 13:55 | Build | Pasture |
| 14:06 | Create | Scout Cavalry |
| 14:12 | Create | Villager (Male) |
| 14:30 | Create | Villager (Male) |
| 14:35 | Build | Blacksmith |
| 14:46 | Build | Pasture |
| 14:51 | Create | Villager (Male) |
| 14:52 | Create | Scout Cavalry |
| 15:10 | Build | House |
| 15:17 | Build | Pasture |
| 15:22 | Create | Villager (Male) |
| 15:30 | Research | Forging |
| 15:39 | Create | Villager (Male) |
| 15:41 | Build | Pasture |
| 16:14 | Create | Villager (Male) ×4 |
| 16:33 | Create | Villager (Male) |
| 17:01 | Build | Mining Camp |
Build order — greatsurferTW
97 actions detected in the replay
| 0:00 | Create | Villager (Male) |
| 0:01 | Create | Villager (Male) |
| 0:02 | Build | House |
| 0:03 | Build | House |
| 0:11 | Create | Villager (Male) |
| 0:12 | Create | Villager (Male) |
| 0:12 | Create | Villager (Male) |
| 1:27 | Create | Villager (Male) |
| 1:27 | Create | Villager (Male) |
| 2:08 | Create | Villager (Male) |
| 2:09 | Create | Villager (Male) |
| 2:20 | Create | Villager (Male) |
| 2:20 | Create | Villager (Male) |
| 2:24 | Build | Mill |
| 2:41 | Create | Villager (Male) |
| 3:19 | Create | Villager (Male) |
| 3:19 | Create | Villager (Male) |
| 3:30 | Build | House |
| 3:42 | Build | House |
| 3:48 | Create | Villager (Male) |
| 3:48 | Create | Villager (Male) |
| 3:48 | Create | Villager (Male) |
| 4:03 | Create | Villager (Male) |
| 4:41 | Create | Villager (Male) |
| 4:54 | Create | Villager (Male) |
| 5:40 | Build | Mining Camp |
| 5:42 | Build | Lumber Camp |
| 5:46 | Create | Villager (Male) |
| 5:49 | Create | Villager (Male) |
| 5:49 | Research | Loom |
| 7:04 | Research | Feudal Age |
| 7:22 | Build | House |
| 7:27 | Build | House |
| 8:10 | Build | Barracks |
| 8:51 | Create | Villager (Male) |
| 9:19 | Age | Feudal Age |
| 9:23 | Build | Stable |
| 9:23 | Create | Spearman |
| 9:44 | Create | Villager (Male) |
| 9:47 | Research | Double-Bit Axe |
| 9:53 | Build | House |
| 9:57 | Build | House |
| 10:13 | Create | Villager (Male) |
| 10:14 | Create | Scout Cavalry |
| 10:15 | Create | Scout Cavalry |
| 10:19 | Build | Palisade Wall |
| 10:20 | Build | Palisade Wall |
| 10:24 | Build | Mill |
| 10:26 | Create | Villager (Male) |
| 10:39 | Create | Villager (Male) |
| 10:55 | Create | Scout Cavalry |
| 11:00 | Build | Pasture |
| 11:32 | Build | House |
| 11:38 | Build | Pasture |
| 11:44 | Build | Palisade Wall |
| 11:44 | Create | Villager (Male) |
| 11:51 | Build | Palisade Wall |
| 12:03 | Build | Pasture |
| 12:10 | Create | Spearman |
| 12:14 | Build | Pasture |
| 12:21 | Create | Villager (Male) |
| 12:21 | Create | Villager (Male) |
| 12:36 | Create | Villager (Male) |
| 12:45 | Build | House |
| 12:53 | Build | Pasture |
| 12:54 | Create | Villager (Male) |
| 13:09 | Build | Palisade Wall |
| 13:19 | Create | Villager (Male) |
| 13:22 | Build | House |
| 13:34 | Build | Palisade Wall |
| 13:37 | Create | Villager (Male) |
| 13:52 | Create | Villager (Male) |
| 13:56 | Build | Blacksmith |
| 14:20 | Create | Villager (Male) |
| 14:34 | Build | Pasture |
| 14:37 | Create | Villager (Male) |
| 14:54 | Build | Palisade Gate |
| 14:56 | Create | Villager (Male) |
| 15:10 | Create | Villager (Male) |
| 15:13 | Build | Pasture |
| 15:13 | Create | Villager (Male) |
| 15:23 | Build | Palisade Wall |
| 15:24 | Build | Palisade Wall |
| 15:37 | Create | Villager (Male) |
| 15:47 | Build | Palisade Wall |
| 15:49 | Build | Palisade Wall |
| 16:03 | Create | Spearman |
| 16:05 | Create | Scout Cavalry |
| 16:10 | Build | House |
| 16:30 | Build | Palisade Wall |
| 16:38 | Build | House |
| 16:41 | Build | House |
| 16:43 | Build | House |
| 16:45 | Create | Spearman |
| 17:08 | Create | Spearman |
| 17:08 | Create | Militia |
| 17:08 | Create | Spearman |
Match timeline
| 8:10 | greatsurferTW · first_building Barracks |
| 8:11 | mir · first_building Barracks |
| 8:14 | mir · wall_segment Palisade Wall x1 |
| 9:19 | greatsurferTW · age_up feudal |
| 9:19 | mir · age_up feudal |
| 9:23 | greatsurferTW · first_building Stable |
| 9:24 | mir · first_building Stable |
| 9:51 | mir · wall_segment Palisade Wall x8 |
| 10:02 | mir · wall_segment Palisade Wall x1 |
| 10:19 | greatsurferTW · wall_segment Palisade Wall x3 |
| 10:20 | greatsurferTW · wall_segment Palisade Wall x4 |
| 10:37 | mir · wall_segment Palisade Wall x5 |
| 11:44 | greatsurferTW · wall_segment Palisade Wall x10 |
| 11:51 | mir · wall_segment Palisade Wall x5 |
| 11:51 | greatsurferTW · wall_segment Palisade Wall x6 |
| 13:04 | mir · wall_segment Palisade Wall x13 |
| 13:09 | greatsurferTW · wall_segment Palisade Wall x9 |
| 13:34 | greatsurferTW · wall_segment Palisade Wall x7 |
| 15:23 | greatsurferTW · wall_segment Palisade Wall x1 |
| 15:24 | greatsurferTW · wall_segment Palisade Wall x1 |
| 15:47 | greatsurferTW · wall_segment Palisade Wall x1 |
| 15:49 | greatsurferTW · wall_segment Palisade Wall x11 |
| 16:30 | greatsurferTW · wall_segment Palisade Wall x3 |
| 17:19 | greatsurferTW · resign |
[ AI ANALYSIS · 1 CREDIT ]
What really happened in this match?
Wolo.gg analyzes every decision: build order, eco, micro, common mistakes by bracket. Personalized analysis on WhatsApp or Discord in 30 seconds.
Civ guide
Khitans
Map guide
Arabia
Perfil
Jugador #16652733